 Dungeon Crawl Stone Soup version 0.30-a0-310-g7d6cbdfea6 (webtiles) character file.

Game seed: 14585508528758570050

28569 Lobster4 the Covert (level 13, -2/61 HPs)
             Began as a Spriggan Brigand on Oct 25, 2022.
             Was the Champion of Okawaru.
             Slain by Saint Roka
             ... wielding a +4 halberd of venom
              (12 damage)
             ... on level 1 of the Orcish Mines.
             The game lasted 01:34:23 (21486 turns).

Lobster4 the Covert (Spriggan Brigand)             Turns: 21486, Time: 01:34:24

Health: -2/61      AC:  5    Str:  7    XL:     13   Next: 10%
Magic:  31/32      EV: 28    Int: 19    God:    Okawaru [******]
Gold:   827        SH:  8    Dex: 24    Spells: 25/28 levels left

rFire   + . .      SeeInvis +    a - +4 dagger (vorpal)
rCold   + . .      Faith    .    f - +0 buckler
rNeg    + . .      Spirit   .    r - +1 animal skin "Leishely" {Int+5 Dex+4 Stlth-}
rPois   +          Reflect  .    L - -2 hat of the Alchemist {rElec rPois rF+ rC+ rN+ Will+ rMut rCorr}
rElec   +          Harm     .    c - +1 cloak
rCorr   +          Rampage  .    (gloves unavailable)
rMut    +                        (boots unavailable)
Will    ++++.                    (no amulet)
Stlth   +++++.....               t - ring of willpower
HPRegen 0.30/turn                K - ring of magical power
MPRegen 0.23/turn

@: brilliant, very quick
A: very small, no large weapons, unfitting armour, see invisible, speed 3,
iridescent scales 1, low MP 1
a: Renounce Religion, Heroism, Finesse, Duel


You were on level 1 of the Orcish Mines.
You worshipped Okawaru.
Okawaru was exalted by your worship.
You visited 3 branches of the dungeon, and saw 16 of its levels.
You also visited: Bailey and Volcano.

You collected 1299 gold pieces.
You spent 472 gold pieces at shops.

Inventory:

Hand Weapons
 a - a +4 vorpal dagger (weapon)
 l - a +3 dagger of flaming
 p - a +0 spear of venom
 z - a +0 sling
Missiles
 b - 4 atropa-tipped darts
 d - 5 curare-tipped darts
 j - 7 datura-tipped darts
 u - 4 poisoned darts (quivered)
 F - 15 boomerangs
Armour
 c - a +1 cloak (worn)
 f - a +0 buckler (worn)
 g - +0 steam dragon scales
 r - the +1 animal skin "Leishely" (worn) {Int+5 Dex+4 Stlth-}
   (Okawaru gifted it to you on level 1 of the Lair of Beasts)

   Int:       It affects your intelligence (+5).
   Dex:       It affects your dexterity (+4).
   Stlth:     It makes you less stealthy.
 w - a +1 robe of resistance
 G - +2 acid dragon scales
 L - the -2 hat of the Alchemist (worn) {rElec rPois rF+ rC+ rN+ Will+ rMut rCorr}
   (You bought it in a shop on level 1 of the Dungeon)

   rF:        It protects you from fire.
   rC:        It protects you from cold.
   rElec:     It insulates you from electricity.
   rPois:     It protects you from poison.
   rN:        It protects you from negative energy.
   rCorr:     It protects you from acid and corrosion.
   rMut:      It protects you from mutation.
   Will:      It increases your willpower.
 M - quicksilver dragon scales
Magical Staves
 v - a staff of fire
Jewellery
 o - a ring of ice
 q - a ring of protection from fire
 t - a ring of willpower (left hand)
 K - a ring of magical power (right hand)
Wands
 h - a wand of flame (33)
Scrolls
 i - 4 scrolls of amnesia
 k - 3 scrolls of blinking
 y - 3 scrolls of identify
 A - 7 scrolls of teleportation
 C - 3 scrolls of enchant weapon
Potions
 e - 2 potions of berserk rage
 m - 2 potions of lignification
 s - 5 potions of curing
 x - 2 potions of brilliance
 B - a potion of might
 E - 2 potions of flight
Miscellaneous
 n - a lightning rod (1/4)


   Skills:
 - Level 4.0 Fighting
 + Level 9.8 Short Blades
 - Level 3.0 Ranged Weapons
 - Level 4.0 Throwing
 - Level 4.0 Armour
 + Level 11.7 Dodging
 - Level 14.0 Stealth
 - Level 5.0 Shields
 + Level 8.1 Spellcasting
 + Level 8.2 Hexes
 + Level 4.9 Ice Magic
 - Level 3.0 Invocations
 + Level 6.8 Evocations


You had 25 spell levels left.
You knew the following spells:

 Your Spells              Type           Power      Damage    Failure   Level
a - Ensorcelled Hibernat  Hex/Ice        98%        N/A       1%          2
b - Slow                  Hex            100%       N/A       1%          1

Your spell library contained the following spells:

 Spells                   Type           Power      Damage    Failure   Level
 Confusing Touch          Hex            55%        N/A       1%          3
 Passwall                 Tmut/Erth      9%         N/A       26%         2
 Fulminant Prism          Conj/Hex       17%        3d11      32%         4
 Gell's Gravitas          Tloc           11%        N/A       45%         3
 Kindle Blastsparks       Fire/Tloc/Air  22%        2d11      45%         3
 Swiftness                Air            11%        N/A       45%         3
 Teleport Other           Tloc           11%        N/A       45%         3
 Vampiric Draining        Necr           11%        2d6       45%         3
 Iskenderun's Mystic Bla  Conj/Tloc      11%        2d4       86%         4
 Lee's Rapid Deconstruct  Erth           5%         3d6*      99%         5
 Dispersal                Tloc           5%         N/A       100%        6
 Orb of Destruction       Conj           5%         9d5       100%        7
 Storm Form               Tmut/Air       5%         N/A       100%        7
 Maxwell's Capacitive Co  Air            5%         ∞         100%        8
 Summon Guardian Golem    Hex/Summ       Unusable   N/A       N/A         3
 Summon Lightning Spire   Summ/Air       Unusable   N/A       N/A         4
 Spellforged Servitor     Conj/Summ      Unusable   N/A       N/A         7

Dungeon Overview and Level Annotations

Branches:
Dungeon (11/15)            Temple (0/1) D:7            Lair (3/5) D:8
 Shoals (0/4) Lair:2        Snake (0/4) Lair:2          Orc (2/2) D:9
 Bailey (visited)         Volcano (visited)
    Elf: Orc:2

Altars:
Nemelex Xobeh
Okawaru
Ru
Trog
Xom

Shops:
D:1 [

Annotations:
D:9 Amaemon
D:10 Snorg
D:11 1 runed translucent door, freelancePsychic's ghost, journeyman TeWn
Orc:1 Saint Roka
Orc:2 Azrael


Innate Abilities, Weirdness & Mutations

You are very small and have problems with some larger weapons.
You are too small for most types of armour.
You have supernaturally acute eyesight. (SInv)
You cover ground extremely quickly. (Speed+++)
You are partially covered in iridescent scales. (AC +2)
Your magical capacity is low. (-10% MP)


Message History

The orc shouts! x3; The orc priest shouts!
The orc warrior shouts!
Saint Roka shouts!
The orc shouts!
The orc wizard shouts!
The orc warrior shouts!
The warg howls! x2
The orc warrior shouts!
Saint Roka roars a battlecry!
The orcs go into a battle-frenzy!
The orc wizard points at you and mumbles some strange words.
The puff of flame misses you. Saint Roka completely misses you.
There is a stone staircase leading up here.
You block the orc warrior's attack.
The orc wizard gestures wildly while chanting.
The orc wizard flickers and vanishes for a moment.
Saint Roka hits you with a +4 halberd of venom!!
You climb upwards.
There is a stone staircase leading down here.
Okay, then.
You feel clever all of a sudden.
Saint Roka invokes the aid of Beogh against you.
Beogh smites you!
Casting: Ensorcelled Hibernation (safe; 1% risk of failure)
Confirm with . or Enter, or press ? or * to list all spells.
Aiming: Ensorcelled Hibernation (safe; 1% risk of failure)
Press: ? - help, Shift-Dir - straight line, f - Saint Roka
Aim: Saint Roka, wielding a +4 halberd of venom and wearing a +0 chain mail (chance to affect: 21%)
You feel a surge of power!
Saint Roka looks drowsy...
The helpless Saint Roka fails to defend themself.
You stick Saint Roka like a pincushion!!!!!
Saint Roka is almost dead.
You hit Saint Roka.
Saint Roka is almost dead.
Saint Roka misses you.
You hit Saint Roka.
Saint Roka is almost dead.
Saint Roka says, "In the orcish mines, orcs kill the likes of YOU!"
Saint Roka invokes the aid of Beogh against you.
Beogh smites you!
* * * LOW HITPOINT WARNING * * *
You feel better.
Saint Roka hits you with a +4 halberd of venom!
You die...

####.#.....................#
#. ##.#...#................#
## #......#.............#.##
# ##....................##
## #......................#
##.
##.....................##
#..
##.#.##..................##
##.
#.........................#
##
#.............@o......#...#
#
##.#..................##.##
##............#.....#...###
#.......................##
##......#................#
#...##...##....#........##
##.####.#####.###...##.##
### ### ### ########


You could see Saint Roka.

Vanquished Creatures
  Fannar (D:9)
  2 hydras
  A boulder beetle (Lair:2)
  4 two-headed ogres
  Sonja (Orc:1)
  Pikel (D:6)
  The ghost of Darkkill the Skirmisher, a novice GnHu of Gozag (D:6)
  2 orc sorcerers (D:9)
  2 orc knights
  A cyclops (D:11)
  Maurice (D:8)
  3 black mambas (Lair:2)
  A cane toad (Lair:2)
  An orange demon (D:9)
  Maggie (D:7)
  A gargoyle (D:10)
  4 komodo dragons (Lair:1)
  2 rime drakes (Lair:2)
  A troll (D:7)
  Grinder (D:6)
  A polar bear (Lair:1)
  A hornet (D:9)
  14 blink frogs
  2 shadows
  3 wraiths
  A vampire (D:11)
  3 spriggans (Bailey)
  A wyvern (D:7)
  2 fire bats (Volcano)
  18 yaks
  A basilisk (Lair:2)
  2 steam dragons
  5 wargs
  Edmund (D:4)
  Menkaure (D:6)
  4 acid dragons
  9 water moccasins
  2 hell hounds (Lair:1)
  5 orc warriors
  A sky beast (D:7)
  2 black bears (D:5)
  An ice beast (D:6)
  8 wolves
  2 centaurs
  9 ogres
  The ghost of Datul the Chopper, an amateur DsRe of Ru (D:4)
  A phantom (D:5)
  2 lemures (D:6)
  2 kobold brigands
  11 bullfrogs
  A necrophage (D:5)
  2 scorpions
  2 gnoll sergeants
  7 wights
  10 killer bees
  4 howler monkeys
  Crazy Yiuf (D:7)
  A hound (D:5)
  2 jellies
  3 orc priests
  3 gnoll boudas
  4 iguanas
  14 orc wizards
  Natasha (thrice) (D:4)
  The ghost of silentkaos13 the Ducker, a weakling DsGl (D:4)
  Robin (D:4)
  7 adders
  15 gnolls
  3 white imps
  An ufetubus (D:7)
  2 worms (D:2)
  4 dart slugs
  44 orcs
  5 ball pythons
  7 bats
  9 endoplasms
  3 giant cockroaches
  16 goblins
  14 hobgoblins
  8 jackals
  3 quokkas
  3 frilled lizards
  13 kobolds
  7 rats
371 creatures vanquished.

Vanquished Creatures (collateral kills)
  2 lemures (D:6)
  A giant cockroach (D:3)
3 creatures vanquished.

Vanquished Creatures (others)
  12 fungi
  40 plants
52 creatures vanquished.

Grand Total: 426 creatures vanquished

Notes
Turn   | Place    | Note
-------+----------+-------------------------------------------
     0 | D:1      | Lobster4 the Spriggan Brigand began the quest for the Orb.
     0 | D:1      | Reached XP level 1. HP: 10/10 MP: 2/2
   201 | D:1      | Reached XP level 2. HP: 7/15 MP: 3/3
   285 | D:1      | Reached skill level 6 in Stealth
   915 | D:1      | Reached XP level 3. HP: 18/18 MP: 4/4
   920 | D:1      | Found Geyrat's Armour Shop.
  1061 | D:1      | Learned a level 2 spell: Ensorcelled Hibernation
  1477 | D:2      | Found a faded altar of an unknown god.
  1591 | D:2      | Found a bloodstained altar of Trog.
  2173 | D:2      | Reached XP level 4. HP: 15/23 MP: 5/5
  2761 | D:3      | Reached skill level 1 in Shields
  2931 | D:3      | Reached skill level 1 in Hexes
  3631 | D:4      | Gained mutation: Your magical capacity is low. (-10% MP)
                  | [potion of mutation]
  3631 | D:4      | Gained mutation: You are partially covered in iridescent
                  | scales. (AC +2) [potion of mutation]
  3645 | D:4      | HP: 1/23 [orc wizard/+4 dagger (8)]
  3651 | D:4      | Reached skill level 1 in Spellcasting
  3651 | D:4      | Reached XP level 5. HP: 21/26 MP: 6/6
  3661 | D:4      | Reached skill level 7 in Stealth
  3780 | D:4      | Noticed Robin
  3781 | D:4      | Found a runed translucent gate.
  3781 | D:4      | Found a runed translucent gate.
  3781 | D:4      | Found a runed translucent gate.
  4119 | D:4      | Killed Robin
  4207 | D:4      | Noticed silentkaos13's ghost (weakling DsGl)
  4207 | D:4      | Noticed Datul's ghost (amateur DsRe)
  4462 | D:4      | Reached XP level 6. HP: 30/30 MP: 8/8
  4473 | D:4      | Noticed Edmund
  4488 | D:4      | Killed Edmund
  4489 | D:4      | Reached skill level 1 in Ice Magic
  4502 | D:4      | Found a shimmering altar of Xom.
  4502 | D:4      | Found an iron altar of Okawaru.
  4503 | D:4      | Found a sacrificial altar of Ru.
  4510 | D:4      | Found a sparkling altar of Nemelex Xobeh.
  4623 | D:4      | Became a worshipper of Warmaster Okawaru
  4995 | D:4      | Noticed Natasha
  5002 | D:4      | Killed Natasha
  5058 | D:4      | Noticed Natasha
  5071 | D:4      | Killed Natasha
  5241 | D:5      | Entered Level 5 of the Dungeon
  5290 | D:4      | Noticed Natasha
  5301 | D:4      | Killed Natasha
  5302 | D:4      | Reached XP level 7. HP: 28/35 MP: 10/10
  5502 | D:5      | Reached skill level 8 in Stealth
  5553 | D:5      | Reached skill level 1 in Evocations
  5722 | D:5      | Reached skill level 1 in Invocations
  5795 | D:5      | Reached * piety under Okawaru
  6223 | D:5      | Reached XP level 8. HP: 39/39 MP: 12/12
  6403 | D:6      | Noticed Pikel
  6690 | D:5      | Reached skill level 9 in Stealth
  6769 | D:6      | Noticed Menkaure
  6782 | D:6      | Killed Menkaure
  6782 | D:6      | Reached ** piety under Okawaru
  7109 | D:6      | Killed Pikel
  7274 | D:6      | Noticed Grinder
  7281 | D:6      | Killed Grinder
  7281 | D:6      | Reached *** piety under Okawaru
  7282 | D:6      | Reached skill level 5 in Dodging
  7282 | D:6      | Reached skill level 10 in Stealth
  7282 | D:6      | Reached XP level 9. HP: 44/44 MP: 14/14
  7366 | D:6      | Found a transporter.
  7369 | D:6      | Noticed Darkkill's ghost (novice GnHu)
  7370 | D:6      | Found a transporter.
  7371 | D:6      | Identified the +10 great mace "Leus" {spect, rPois rCorr
                  | Dex+3}
  7371 | D:6      | Identified the +6 dire flail of the Briny Deep {elec, rCorr
                  | Int+7}
  7371 | D:6      | Noticed a two-headed ogre
  8131 | D:7      | Noticed a troll
  8272 | D:7      | Killed a troll
  8272 | D:7      | Reached **** piety under Okawaru
  8452 | D:7      | Reached skill level 11 in Stealth
  8812 | D:7      | Reached skill level 5 in Short Blades
  8846 | D:7      | Found a staircase to the Ecumenical Temple.
  8848 | D:7      | Noticed Maggie
  9300 | D:8      | Found a staircase to the Lair.
  9639 | D:8      | Noticed Maurice
  9648 | D:8      | Killed Maurice
  9649 | D:8      | Reached skill level 1 in Ranged Weapons
  9649 | D:8      | Reached skill level 5 in Evocations
  9696 | D:8      | Reached skill level 12 in Stealth
  9839 | D:8      | Reached XP level 10. HP: 49/49 MP: 15/15
 10584 | D:9      | Reached ***** piety under Okawaru
 10883 | D:1      | Bought the -2 hat of the Alchemist {rElec rPois rF+ rC+ rN+
                  | Will+ rMut rCorr} for 472 gold pieces
 10883 | D:1      | Found the -2 hat of the Alchemist {rElec rPois rF+ rC+ rN+
                  | Will+ rMut rCorr}
 11061 | D:9      | Found a staircase to the Orcish Mines.
 11096 | D:9      | Noticed Amaemon
 11096 | D:9      | Noticed an orange demon
 11493 | D:10     | Entered Level 10 of the Dungeon
 11912 | D:10     | Noticed a gargoyle
 12231 | D:10     | Found a flagged portal.
 12236 | Bailey   | Entered a bailey
 12281 | Bailey   | Reached skill level 1 in Armour
 12450 | Bailey   | Identified the +0 storm dragon scales of Lobster4's Duty
                  | {Harm rElec Str+4 Stlth+} (Okawaru gifted it to you in a
                  | bailey)
 12450 | Bailey   | Received a gift from Okawaru
 12580 | Bailey   | Noticed a two-headed ogre
 12596 | Bailey   | Killed a two-headed ogre
 12597 | Bailey   | Reached skill level 5 in Spellcasting
 12597 | Bailey   | Reached skill level 5 in Hexes
 12623 | Bailey   | Identified the +3 swamp dragon scales "Surihias" {Harm
                  | rPois MP-9 Dex+4 Stlth+}
 13132 | D:10     | Noticed Snorg
 13356 | D:10     | Killed a gargoyle
 13709 | D:11     | Noticed a cyclops
 13714 | D:11     | Noticed a two-headed ogre
 13719 | D:11     | Killed a two-headed ogre
 13720 | D:11     | Reached XP level 11. HP: 52/52 MP: 18/18
 14252 | D:11     | Found a runed translucent door.
 14252 | D:11     | Found a shimmering altar of Xom.
 14252 | D:11     | Noticed freelancePsychic's ghost (journeyman TeWn)
 14252 | D:11     | Noticed a +0 broad axe of chaos
 14554 | Orc:1    | Entered Level 1 of the Orcish Mines
 14592 | Orc:1    | Noticed an orc sorcerer
 14593 | Orc:1    | Noticed an orc sorcerer
 14650 | Lair:1   | Entered Level 1 of the Lair of Beasts
 14979 | Lair:1   | Found a dark tunnel.
 15067 | Volcano  | Entered a volcano
 15115 | Volcano  | Noticed a two-headed ogre
 15115 | Volcano  | Noticed a two-headed ogre
 15158 | Volcano  | Killed a two-headed ogre
 15166 | Volcano  | Reached skill level 5 in Shields
 15757 | Lair:1   | Reached ****** piety under Okawaru
 15826 | Lair:1   | Identified the +1 animal skin "Leishely" {Int+5 Dex+4
                  | Stlth-} (Okawaru gifted it to you on level 1 of the Lair of
                  | Beasts)
 15826 | Lair:1   | Received a gift from Okawaru
 16604 | Lair:2   | Noticed a boulder beetle
 16727 | Lair:2   | Reached skill level 13 in Stealth
 16872 | Lair:2   | Learned a level 1 spell: Slow
 16885 | Lair:2   | Found a staircase to the Shoals.
 16976 | Lair:2   | Found a staircase to the Snake Pit.
 17237 | Lair:2   | Reached XP level 12. HP: 38/58 MP: 8/21
 17450 | Lair:2   | Noticed a seven-headed hydra
 17455 | Lair:2   | Killed a seven-headed hydra
 17698 | Lair:2   | Reached skill level 10 in Dodging
 17985 | Lair:2   | Reached skill level 14 in Stealth
 18084 | Lair:2   | Received a gift from Okawaru
 18215 | Lair:2   | Killed a boulder beetle
 18632 | Lair:3   | Noticed an eight-headed hydra
 18818 | Lair:3   | Killed an eight-headed hydra
 18932 | Lair:3   | Noticed a death yak
 18932 | Lair:3   | Noticed a death yak
 19174 | D:4      | Killed silentkaos13's ghost
 19200 | D:4      | Killed Datul's ghost
 19340 | D:6      | Killed a two-headed ogre
 19354 | D:6      | Killed Darkkill's ghost
 19365 | D:6      | Identified the +1 robe of the Assorted Tables {rPois rCorr
                  | Int+3}
 19688 | D:7      | Found a runed translucent door.
 19689 | D:7      | Noticed Crazy Yiuf
 19696 | D:7      | Killed Crazy Yiuf
 19765 | D:7      | Killed Maggie
 19765 | D:7      | Received a gift from Okawaru
 20149 | D:9      | Received a gift from Okawaru
 20425 | Orc:1    | Received a gift from Okawaru
 20446 | Orc:1    | Noticed Sonja
 20458 | Orc:1    | Killed Sonja
 20503 | Orc:1    | Reached XP level 13. HP: 61/61 MP: 23/23
 20616 | Orc:1    | Noticed Fannar
 20680 | D:9      | Killed Fannar
 20743 | Orc:1    | Received a gift from Okawaru
 21107 | Orc:2    | Entered Level 2 of the Orcish Mines
 21244 | Orc:2    | Noticed Saint Roka
 21462 | Orc:2    | Noticed Azrael
 21486 | Orc:1    | Slain by Saint Roka

Illustrated notes

Levels and vault maps discovered:
D:1:      matt_arrival_refuge, layout_loops_corners, serial_shops, shop,
          chequers_arboretum, chequers_big_river, skrybe_limestone_x,
          minmay_misc_feat_iff, minmay_bisected
D:2:      layout_basic, ebering_ecumenical_altar_box, basic_altar,
          dk_noncrumbling_2, feat_on_display
D:3:      layout_loops_ring, roderic_serpentine_path, amethyst_killhole
D:4:      layout_loops_corners, minitemple, gammafunk_ghost_cemetery,
          serial_bayou_ford_a, kennysheep_generic_room_16, uniq_edmund,
          uniq_natasha, uniq_robin
D:5:      layout_basic
D:6:      layout_gridville, gammafunk_ghost_smash, uniq_pikel, uniq_grinder,
          uniq_menkaure
D:7:      nzn_winding_woodlands_three_and_one
          [nzn_winding_woodlands_5x15_split_checker,
          nzn_winding_woodlands_5x15_pockets, nzn_winding_woodlands_5x15_parted,
          nzn_winding_woodlands_center_diamonds], layout_loops_ring,
          temple_green, uniq_crazy_yiuf_cottage, uniq_maggie
D:8:      layout_loops_ring, dpeg_oklobed_lair,
          amcnicky_mini_rare_corridor_liquid, minmay_splitting_lines,
          minmay_misc_feat_square, uniq_maurice
D:9:      layout_long_grid, orc_0_dummy, uniq_amaemon
D:10:     layout_basic, enter_bailey_3, uniq_snorg
D:11:     layout_roguey, ebering_ghost_xom, minmay_shattered_shrine
Lair:1:   layout_hall_layers, enter_volcano_3, minivault_26, minmay_holes
Lair:2:   layout_gridlike, elwin_shoals_entry_rocks,
          minmay_snake_entry_six_corridors
Lair:3:   layout_cellular_growth, pf_torpor_hydra, serial_bayou_shore_a,
          uniq_prince_ribbit2
Orc:1:    layout_caves, uniq_fannar, uniq_sonja
Orc:2:    grunt_orc_community_town_hall, layout_diamond_mine,
          grunt_orc_community_big_house_1, grunt_orc_community_big_house_1,
          grunt_orc_community_house_3, grunt_orc_community_house_3,
          grunt_orc_community_house_2, grunt_orc_community_house_3,
          grunt_orc_community_house_1, uniq_saint_roka, uniq_azrael

Skill      XL: |  1  2  3  4  5  6  7  8  9 10 11 12 |
---------------+-------------------------------------+-----
Stealth        | 6 7 8 10 12 13 14 | 14.0
Dodging        | 2 3 5 6 8 9 11 | 11.7
Shields        | 1 2 3 4 5 |  5.0
Hexes          | 1 2 3 4 5 7 8 |  8.2
Fighting       | 2 3 4 |  4.0
Spellcasting   | 1 2 3 4 5 7 8 |  8.1
Short Blades   | 3 4 5 6 7 9 |  9.8
Throwing       | 3 4 |  4.0
Ice Magic      | 1 2 3 4 |  4.9
Evocations     | 1 3 5 6 |  6.8
Invocations    | 1 2 3 |  3.0
Ranged Weapons | 1 3 |  3.0
Armour         | 2 3 4 |  4.0

Action                   |  1- 3 |  4- 6 |  7- 9 | 10-12 | 13-15 || total
-------------------------+-------+-------+-------+-------+-------++-------
Melee: Dagger            |    88 |   146 |   332 |   808 |   106 ||  1480
       Spear             |       |     5 |       |       |       ||     5
       Punch             |       |       |     6 |       |       ||     6
 Fire: Shortbow          |       |       |       |     2 |       ||     2
Throw: Dart              |    34 |    48 |    87 |    80 |     2 ||   251
       Boomerang         |       |       |     7 |    38 |       ||    45
 Cast: Ensorcelled Hiber |       |       |     6 |   129 |    19 ||   154
       Slow              |       |       |       |    10 |     2 ||    12
Evoke: Wand              |       |       |     3 |    16 |     2 ||    21
       Lightning rod     |       |       |       |     5 |       ||     5
  Use: Scroll            |       |     7 |     4 |    12 |       ||    23
       Potion            |       |     4 |     2 |     6 |     2 ||    14
 Stab: Sleeping          |    11 |     9 |    17 |    68 |     8 ||   113
       Distracted        |       |       |     2 |     2 |       ||     4
       Paralysed         |       |       |     2 |     3 |       ||     5
       Invisible         |       |       |       |     8 |     1 ||     9
Armor: Robe              |     3 |    23 |    29 |     9 |       ||    64
       Skin              |       |     5 |       |       |       ||     5
       Quicksilver drago |       |       |       |    23 |       ||    23
       Acid dragon scale |       |       |       |    30 |       ||    30
       Animal skin       |       |       |       |    12 |     6 ||    18
Dodge: Dodged            |    40 |    59 |   184 |   670 |    69 ||  1022
Block: Buckler           |       |       |       |   248 |    30 ||   278

Table legend: (Time is in decaauts)
 A = Elapsed time spent in this place.
 B = Non-inter-level travel time spent in this place.
 C = Inter-level travel time spent in this place.
 D = Time resting spent in this place.
 E = Time spent auto-exploring this place.
 F = Levels seen in this place.
 G = Mean time per level.
                   A        B        C        D        E       F      G
               +--------+--------+--------+--------+--------+-----+--------+
         Total |  15428 |  13986 |   1442 |   3031 |   6106 |  18 |  857.1 |
       Dungeon |  10767 |   9623 |   1144 |   1492 |   4955 |  11 |  978.8 |
          Lair |   3274 |   3018 |    256 |   1084 |    849 |   3 | 1091.3 |
  Orcish Mines |    758 |    717 |     41 |    174 |    262 |   2 |  379.0 |
        Bailey |    558 |    558 |      0 |    280 |     39 |   1 |  558.0 |
       Volcano |     70 |     70 |      0 |      0 |      0 |   1 |   70.0 |
               +--------+--------+--------+--------+--------+-----+--------+

Top non-repeatable levels by time:
  Lair:1: 1784 daAuts
     D:9: 1524 daAuts
     D:4: 1462 daAuts
  Lair:2: 1380 daAuts
     D:7: 1209 daAuts
     D:6: 1134 daAuts
     D:1: 1022 daAuts
     D:5: 887 daAuts
    D:10: 851 daAuts
     D:2: 780 daAuts
     D:8: 771 daAuts
     D:3: 624 daAuts
   Orc:1: 600 daAuts
  Bailey: 558 daAuts
    D:11: 498 daAuts
